 Dungeon Crawl Stone Soup version 0.20.2-3-g29329e0561 (webtiles) character file.

4372 Alfie the Carver (level 10, 0/88 HPs)
             Began as a Minotaur Fighter on Oct 23, 2020.
             Slain by a two-headed ogre
             ... wielding a +0 giant club
              (10 damage)
             ... on level 9 of the Dungeon.
             The game lasted 00:22:13 (7044 turns).

Alfie the Carver (Minotaur Fighter)                 Turns: 7044, Time: 00:22:14

Health: 0/88       AC: 17    Str: 24    XL:     10   Next: 13%
Magic:  0/9        EV:  6    Int:  5    God:
Gold:   352        SH: 12    Dex: 10    Spells: 7/9 levels left

rFire    . . .     SeeInvis .   a - +1 long sword
rCold    . . .     Gourm    .   c - +0 shield
rNeg     . . .     Faith    .   j - +1 plate armour
rPois    .         Spirit   +   (helmet restricted)
rElec    .         Reflect  .   (no cloak)
rCorr    .         Harm     .   k - +0 pair of gloves
MR       .....                  t - +0 pair of boots
Stlth    ..........             s - amulet of guardian spirit
Regen    0.3/turn               (no ring)
MPRegen  0.2/turn               (no ring)

@: no status effects
A: retaliatory headbutt, horns 2
a: no special abilities


You were on level 9 of the Dungeon.
You were not hungry.

You visited 1 branch of the dungeon, and saw 9 of its levels.
You also visited: Sewer and Ossuary.

You collected 402 gold pieces.
You spent 50 gold pieces at shops.

Inventory:

Hand Weapons
 a - a +1 long sword (weapon)
Missiles
 h - 10 tomahawks (quivered)
Armour
 c - a +0 shield (worn)
 j - a +1 plate armour (worn)
 k - a +0 pair of gloves (worn)
 t - a +0 pair of boots (worn)
Jewellery
 s - an amulet of guardian spirit (around neck)
Wands
 o - a wand of scattershot (4/9)
 x - a wand of flame (35/48)
 z - a wand of lightning (6/15)
 E - a wand of random effects (31/48)
 J - a wand of paralysis (9/24)
Scrolls
 b - 3 scrolls of magic mapping
 g - 8 scrolls of remove curse
 m - 2 scrolls of recharging
 w - 3 scrolls of teleportation
 y - 2 scrolls of fear
 A - 3 scrolls of amnesia
 H - a scroll of silence {unknown}
Potions
 d - 3 potions of might
 e - 4 potions of haste
 p - a potion of resistance {unknown}
 q - a potion of agility
 u - 3 potions of flight
 v - a potion of heal wounds
 D - a potion of mutation {unknown}
 F - 5 potions of curing {unknown}
 G - a potion of cancellation {unknown}
 I - 4 potions of degeneration {unknown}
Books
 n - a book of Misfortune

   Spells                             Type                      Level
   a - Confusing Touch                Hexes                        1
   b - Confuse                        Hexes                        3
   c - Gell's Gravitas                Translocation                3
   d - Petrify                        Transmutation/Earth          4
   e - Metabolic Englaciation         Hexes/Ice                    5
   f - Yara's Violent Unravelling     Hexes/Transmutation          5
 B - a book of Necromancy

   Spells                             Type                      Level
   a - Pain                           Necromancy                   1
   b - Animate Skeleton               Necromancy                   1
   c - Vampiric Draining              Necromancy                   3
   d - Regeneration                   Charms/Necromancy            3
   e - Animate Dead                   Necromancy                   4
   f - Control Undead                 Necromancy                   4
 C - a Young Poisoner's Handbook

   Spells                             Type                      Level
   a - Sting                          Conjuration/Poison           1
   b - Poisonous Vapours              Poison/Air                   2
   c - Mephitic Cloud                 Conjuration/Poison/Air       3
   d - Olgreb's Toxic Radiance        Poison                       4
   e - Venom Bolt                     Conjuration/Poison           5
Comestibles
 f - 12 bread rations
 i - 7 meat rations
 l - 3 royal jellies
 r - a fruit


   Skills:
 + Level 7.7 Fighting
 + Level 10.6 Long Blades
 + Level 0.2 Throwing
 + Level 8.3 Armour
 + Level 1.3 Dodging
 + Level 1.4 Stealth
 + Level 10.3 Shields


You had 7 spell levels left.
You knew the following spells:

 Your Spells              Type           Power        Failure   Level  Hunger
a - Pain                  Necr           #...         100%        1    ##.....
b - Sting                 Conj/Pois      #...         100%        1    ##.....


Dungeon Overview and Level Annotations

Branches:
Dungeon (9/15)             Temple (0/1) D:5
   Lair: D:8-11         Orc: D:9-12

Altars:
Elyvilon

Shops:
D:8 %


Innate Abilities, Weirdness & Mutations

You reflexively headbutt those who attack you in melee.
You have a pair of horns on your head.


Message History

You block the two-headed ogre's attack.
You slash the gnoll sergeant!
The gnoll sergeant is heavily wounded.
You block the gnoll sergeant's attack. You block the gnoll's attack.
You barely miss the gnoll sergeant.
The gnoll sergeant is heavily wounded.
The gnoll sergeant closely misses you.
You riposte.
You barely miss the gnoll sergeant.
The gnoll sergeant is heavily wounded.
The gnoll hits you but does no damage.
The two-headed ogre hits you with a giant club!
* * * LOW HITPOINT WARNING * * *
The two-headed ogre barely misses you.
You hit the gnoll sergeant.
The gnoll sergeant is heavily wounded.
The gnoll hits you but does no damage.
The gnoll sergeant hits you with a trident.
* * * LOW HITPOINT WARNING * * *
The two-headed ogre hits you with a giant club!
You die...

#......# #.#..#.#
##.#....# ........#
......# ..# #....#
.....#g.O.#
......g@).######+##
......###).........#####
..... #....#..#).#....
...# #....#.....#.... ..
###..........#####
#######.#'##############
#.......................
######################'#
..............


You could see a two-headed ogre, a gnoll sergeant and a gnoll.

Vanquished Creatures
  The ghost of Alfie the Carver, a novice MiFi (D:6)
  Pikel (D:7)
  A spriggan (D:7)
  The ghost of Alfie the Covered, an amateur MiFi (D:3)
  A water moccasin (D:7)
  An orc warrior (D:5)
  Purgy (Sewer)
  A phantom (D:8)
  An ice beast (D:3)
  A sky beast (D:6)
  2 black bears
  An ogre (D:6)
  2 centaurs
  2 big kobolds
  A gnoll sergeant (D:6)
  2 wyvern skeletons (D:6)
  A scorpion (D:4)
  3 howler monkeys
  3 bullfrog zombies
  A crimson imp (D:8)
  A quasit (D:8)
  5 bullfrog skeletons
  4 hounds
  9 orc priests
  A centaur skeleton (D:7)
  Ijyb (D:3)
  An iguana (D:4)
  Terence (D:3)
  Natasha (thrice) (D:2)
  5 orc wizards
  4 worker ants
  A hound skeleton (D:7)
  14 mummies (Ossuary)
  A worker ant zombie (D:6)
  Robin (D:2)
  A howler monkey skeleton (D:5)
  11 gnolls
  9 adders
  A shadow imp (D:6)
  2 oozes
  2 worms
  5 leopard geckos
  27 orcs
  11 bats
  4 giant cockroaches
  18 goblins
  5 hobgoblins
  9 jackals
  3 quokkas
  6 ball pythons
  5 frilled lizards
  3 gnoll skeletons (Ossuary)
  A jackal zombie (D:6)
  14 kobolds
  4 kobold skeletons (Ossuary)
  A leopard gecko zombie (D:5)
  A quokka skeleton (D:6)
  6 rats
  11 rat skeletons (Ossuary)
240 creatures vanquished.

Vanquished Creatures (others)
  An orc skeleton (Ossuary)
1 creature vanquished.

Grand Total: 241 creatures vanquished

Notes
Turn   | Place    | Note
-------+----------+-------------------------------------------
     0 | D:1      | Alfie the Minotaur Fighter began the quest for the Orb.
     0 | D:1      | Reached XP level 1. HP: 19/19 MP: 0/0
   250 | D:1      | Reached XP level 2. HP: 27/27 MP: 1/1
  1046 | D:2      | Noticed Natasha
  1054 | D:2      | Killed Natasha
  1054 | D:2      | Reached XP level 3. HP: 19/33 MP: 2/2
  1336 | D:2      | Reached XP level 4. HP: 36/40 MP: 3/3
  1410 | D:2      | Noticed Natasha
  1418 | D:2      | Killed Natasha
  1472 | D:2      | Noticed Natasha
  1489 | D:2      | Killed Natasha
  1533 | D:2      | Reached XP level 5. HP: 35/47 MP: 4/4
  1588 | D:2      | Noticed Robin
  1606 | D:2      | Killed Robin
  1852 | D:3      | Reached skill level 5 in Shields
  1961 | D:3      | Noticed Alfie's ghost (amateur MiFi)
  1981 | D:3      | Killed Alfie's ghost
  1981 | D:3      | Reached skill level 5 in Armour
  1981 | D:3      | Reached XP level 6. HP: 13/53 MP: 5/5
  2046 | D:3      | Noticed an ice beast
  2056 | D:3      | Killed an ice beast
  2056 | D:3      | Reached skill level 5 in Long Blades
  2094 | D:3      | Noticed Ijyb
  2111 | D:3      | Killed Ijyb
  2111 | D:3      | Reached skill level 5 in Fighting
  2111 | D:3      | Reached XP level 7. HP: 32/61 MP: 6/6
  2227 | D:3      | Noticed Terence
  2231 | D:3      | Killed Terence
  3236 | D:4      | Reached XP level 8. HP: 65/69 MP: 7/7
  3387 | D:5      | Entered Level 5 of the Dungeon
  3388 | D:5      | Found a white marble altar of Elyvilon.
  3441 | D:5      | Found a glowing drain.
  3461 | Sewer    | Entered a sewer
  3506 | Sewer    | Noticed Purgy
  3513 | Sewer    | Killed Purgy
  3513 | Sewer    | Reached skill level 1 in Dodging
  3639 | D:5      | Found a staircase to the Ecumenical Temple.
  4217 | D:6      | Noticed Alfie's ghost (novice MiFi)
  4245 | D:6      | Killed Alfie's ghost
  4256 | D:6      | Reached skill level 1 in Stealth
  4289 | D:6      | Learned a level 1 spell: Pain
  4325 | D:6      | Reached XP level 9. HP: 61/75 MP: 8/8
  4478 | D:6      | Learned a level 1 spell: Sting
  5019 | D:7      | Noticed Pikel
  5040 | D:7      | Killed Pikel
  5040 | D:7      | Reached skill level 10 in Long Blades
  5060 | D:7      | Reached skill level 10 in Shields
  5684 | D:8      | Found a sand-covered staircase.
  5693 | Ossuary  | Entered an ossuary
  5740 | Ossuary  | Reached XP level 10. HP: 79/86 MP: 9/9
  6203 | D:8      | Found Taenauh's Food Shoppe.
  6211 | D:8      | Bought a bread ration for 50 gold pieces
  7032 | D:9      | Noticed a two-headed ogre
  7044 | D:9      | Slain by a two-headed ogre

Skill      XL: |  1  2  3  4  5  6  7  8  9 |
---------------+----------------------------+-----
Armour         | 4 5 6 7 8 |  8.3
Fighting       | 4 5 6 7 |  7.7
Long Blades    | 3 4 5 6 8 10 | 10.6
Shields        | 4 5 6 7 8 10 | 10.3
Dodging        | 1 |  1.3
Stealth        | 1 |  1.4
Throwing       | |  0.2

Action                   |  1- 3 |  4- 6 |  7- 9 | 10-12 || total
-------------------------+-------+-------+-------+-------++-------
Melee: Long sword        |    77 |   174 |   458 |   105 ||   814
       Headbutt          |    10 |    26 |    92 |    21 ||   149
Throw: Tomahawk          |       |       |       |     3 ||     3
  Use: Scroll            |     5 |     3 |     8 |     4 ||    20
       Potion            |       |     4 |       |       ||     4
 Stab: Invisible         |       |     1 |       |       ||     1
  Eat: Fruit             |     2 |       |     7 |       ||     9
       Bread ration      |       |     1 |     1 |     1 ||     3
Armor: Scale mail        |     7 |       |       |       ||     7
       Plate armour      |    43 |   109 |   243 |    30 ||   425
Dodge: Dodged            |    18 |    26 |    77 |    13 ||   134
Block: Shield            |    49 |    86 |   276 |    45 ||   456
       Rpst.: Long sword |     3 |     7 |    27 |     8 ||    45
